Map: [ESL] Inside and Out

Players

trigger - Winner!

  • Race: Protoss Protoss
  • Spawn Location: 1:00

PiLiPiLi

  • Race: Protoss Protoss
  • Spawn Location: 7:00

Event: DreamHack SC2 Masters 2022 Atlanta (Online)

VOD

Have the link to the VOD?

Description

Time

  • Played on: Oct. 4, 2022, 3:29 p.m.
  • Length: 7:44

All games in this series

Show
View Real Time Build Order
Export as new Build Order

trigger Protoss - Winner!

Build Orders: 1 Gate Expand 

Get SALT Encoding   

  12  0:00  Probe  
  13  0:12  Probe  
  14  0:19  Pylon  
  14  0:24  Probe (Chrono Boost)  
  15  0:37  Probe (Chrono Boost), Gateway  
  16  0:45  Probe (Chrono Boost)  
  16  0:46  Assimilator  
  17  0:51  Probe  
  18  1:04  Probe  
  19  1:16  Probe  
  20  1:23  Nexus  
  20  1:32  Cybernetics Core  
  20  1:39  Assimilator  
  20  1:40  Probe  
  21  1:48  Pylon  
  21  1:52  Probe  
  22  2:04  Probe  
  22  2:06  Adept (Chrono Boost)  
  22  2:07  Gateway  
  23  2:10  Warp Gate (Chrono Boost)  
  25  2:16  Probe  
  26  2:29  Stalker  
  28  2:34  Robotics Facility  
  28  2:40  Shield Battery  
  28  2:47  Probe x2  
  30  2:56  Stalker  
  32  3:03  Probe  
  33  3:11  Probe  
  32  3:15  Probe  
  33  3:21  Immortal (Chrono Boost)  
  33  3:23  Probe  
  38  3:29  Shield Battery  
  38  3:41  Shield Battery  
  38  3:48  Sentry  
  40  3:50  Immortal (Chrono Boost)  
  40  3:54  Probe x2  
  46  4:00  Pylon  
  46  4:05  Pylon  
  45  4:15  Probe (Chrono Boost)  
  45  4:16  Probe (Chrono Boost)  
  44  4:22  Adept x2  
  48  4:27  Probe (Chrono Boost)  
  48  4:29  Probe (Chrono Boost)  
  50  4:33  Pylon  
  50  4:34  Probe  
  50  4:35  Observer  
  53  4:40  Probe (Chrono Boost)  
  53  4:46  Probe (Chrono Boost)  
  53  4:47  Pylon  
  53  4:52  Gateway  
  55  4:55  Probe x2 (Chrono Boost)  
  56  5:02  Twilight Council  
  56  5:04  Warp Prism (Chrono Boost)  
  56  5:07  Probe  
  55  5:09  Probe  
  56  5:18  Stalker  
  56  5:19  Probe  
  56  5:22  Probe  
  56  5:27  Stalker  
  59  5:31  Probe  
  59  5:34  Probe  
  59  5:35  Pylon  
  61  5:43  Probe  
  61  5:46  Probe, Stalker x2  
  65  5:53  Blink (Chrono Boost)  
  65  5:55  Probe  
  66  5:59  Probe  
  66  6:00  Assimilator  
  67  6:07  Probe  
  67  6:11  Probe  
  69  6:13  Stalker x2  
  69  6:15  Pylon  
  73  6:31  Stalker  
  75  6:39  Nexus, Stalker x2  
  79  6:43  Probe  
  80  6:52  Shield Battery  
  80  6:54  Shield Battery  
  80  6:57  Pylon  
  80  6:58  Stalker  
  82  7:03  Stalker x2  
  82  7:06  Pylon  
  86  7:11  Probe x2  
  88  7:30  Probe  
  88  7:32  Stalker  
  88  7:33  Stalker x2  
Show
View Real Time Build Order
Export as new Build Order

PiLiPiLi Protoss 

Build Orders:  

Get SALT Encoding   

  12  0:00  Probe  
  13  0:12  Probe  
  14  0:17  Pylon  
  14  0:25  Probe (Chrono Boost)  
  15  0:37  Probe (Chrono Boost), Gateway  
  16  0:45  Probe (Chrono Boost)  
  16  0:46  Assimilator  
  17  0:51  Probe  
  17  0:54  Assimilator  
  18  1:03  Probe  
  19  1:08  Gateway  
  19  1:15  Probe  
  20  1:27  Cybernetics Core  
  20  1:28  Probe  
  21  1:41  Probe  
  21  1:44  Pylon  
  22  1:53  Probe  
  23  2:05  Warp Gate, Stalker x2  
  27  2:14  Robotics Facility  
  27  2:29  Pylon  
  26  2:38  Stalker x2, Pylon  
  26  2:43  Probe  
  31  2:55  Pylon  
  31  3:05  Probe  
  31  3:09  Warp Prism (Chrono Boost)  
  31  3:12  Robotics Bay  
  33  3:17  Probe  
  34  3:44  Nexus, Observer (Chrono Boost)  
  36  3:48  Probe  
  36  3:59  Gravitic Drive  
  36  4:01  Disruptor  
  39  4:22  Pylon  
  39  4:40  Disruptor, Probe  
  39  4:43  Adept x2, Pylon  
  47  4:47  Shield Battery  
  47  4:53  Probe  
  47  4:56  Pylon  
  44  5:01  Probe  
  44  5:05  Probe  
  46  5:13  Probe (Chrono Boost)  
  47  5:17  Probe (Chrono Boost)  
  47  5:18  Disruptor  
  50  5:24  Sentry  
  50  5:25  Probe (Chrono Boost)  
  50  5:26  Probe (Chrono Boost)  
  54  5:29  Probe (Chrono Boost)  
  54  5:31  Probe (Chrono Boost)  
  56  5:39  Probe  
  57  5:43  Probe  
  56  5:51  Probe  
  56  5:53  Adept x2  
  56  5:55  Probe  
  60  5:57  Immortal (Chrono Boost)  
  60  6:03  Probe  
  65  6:07  Probe, Pylon  
  65  6:10  Pylon  
  66  6:19  Stalker x2  
  65  6:47  Probe  
  65  6:48  Probe  
  65  6:54  Gateway  
  67  6:57  Gateway  
  67  6:58  Immortal (Chrono Boost)  
  67  6:59  Gateway  
  71  7:02  Gateway  
  71  7:09  Adept, Stalker  
  71  7:14  Pylon  
  70  7:36  Stalker  
  68  7:38  Zealot  
Tags
 
Add a new tag
Caveats
  • Supply blocks, unpowered buildings, or Contaminate may cause inaccurate times.
  • Supply counts are checked every 10 seconds.